 Seeded DCSS version 0.30.1-9-gdf580d7c3d (webtiles) character file.

Game seed: 11633723325983345501 (custom seed)

1176 fireball365 the Cleaver (level 8, -5/70 HPs)
             Began as a Hill Orc Fighter on Oct 14, 2023.
             Was an Initiate of Gozag.
             Killed by divine providence
             ... invoked by an orc priest
              (14 damage)
             ... on level 8 of the Dungeon.
             The game lasted 00:08:03 (4313 turns).

fireball365 the Cleaver (Hill Orc Fighter)          Turns: 4313, Time: 00:08:04

Health: -5/70      AC:  8    Str: 27    XL:     8   Next: 41%
Magic:  8/8        EV:  8    Int:  3    God:    Gozag
Gold:   409        SH: 12    Dex: 10    Spells: 7/7 levels left

rFire   + . .        a - +0 war axe
rCold   . . .        q - +0 tower shield
rNeg    . . .        b - +0 scale mail
rPois   .            (no helmet)
rElec   .            (no cloak)
rCorr   .            (no gloves)
SInv    +            e - +0 pair of boots
Will    ++...        (no amulet) Stlth
                     j - ring "Zavo Jae" {rF+ Will++ Int-5 SInv}
HPRegen 0.31/turn    B - +6 ring of strength
MPRegen 0.11/turn

%: no passive effects
@: gold aura
A: no striking features
a: Renounce Religion, Convert to Beogh, Potion Petition, Call Merchant, Bribe
Branch


You were on level 8 of the Dungeon.
You worshipped Gozag.
Gozag was aware of your devotion.
You visited 2 branches of the dungeon, and saw 7 of its levels.

You collected 511 gold pieces.
You paid 102 gold pieces to Gozag.

Inventory:

Hand Weapons
 a - a +0 war axe (weapon)
Missiles
 m - a throwing net (quivered)
 o - 13 javelins
 A - 5 curare-tipped darts
 D - 4 poisoned darts
Armour
 b - a +0 scale mail (worn)
 c - a +0 buckler
 e - a +0 pair of boots (worn)
 q - a +0 tower shield (worn)
Jewellery
 h - a ring of protection from fire
 j - the ring "Zavo Jae" (left hand) {rF+ Will++ Int-5 SInv}
   (You took it off a kobold on level 2 of the Dungeon)

   [ring of protection from fire]

   Int:       It affects your intelligence (-5).
   rF:        It protects you from fire.
   SInv:      It lets you see invisible.
   Will:      It greatly increases your willpower.
 u - an amulet of faith
 B - a +6 ring of strength (right hand)
 C - a +6 ring of strength
Wands
 z - a wand of polymorph (5)
Scrolls
 f - 3 scrolls of teleportation
 g - 3 scrolls of enchant armour
 i - a scroll of fear
 r - a scroll of immolation {unknown}
 s - a scroll of poison
 w - 2 scrolls of magic mapping {unknown}
 x - 3 scrolls of silence {unknown}
 y - a scroll of vulnerability {unknown}
 E - a scroll of acquirement {unknown}
 F - a scroll of enchant weapon {unknown}
 G - 3 scrolls of torment {unknown}
Potions
 d - 3 potions of might
 k - a potion of mutation {unknown}
 l - 2 potions of ambrosia
 n - a potion of heal wounds {unknown}
 p - a potion of degeneration {unknown}
 t - 2 potions of curing {unknown}
 v - a potion of cancellation {unknown}


   Skills:
 + Level 5.8 Fighting
 + Level 8.7 Axes
 + Level 5.7 Armour
 + Level 1.6 Dodging
 + Level 5.4 Shields


You had 7 spell levels left.
You didn't know any spells.
Your spell library contained the following spells:

 Spells                   Type           Power      Damage    Failure   Level
 Ensorcelled Hibernation  Hex/Ice        0%         N/A       100%        2
 Passwall                 Tmut/Erth      0%         N/A       100%        2
 Gell's Gravitas          Tloc           0%         N/A       100%        3
 Swiftness                Air            0%         N/A       100%        3
 Teleport Other           Tloc           0%         N/A       100%        3
 Summon Ice Beast         Ice/Summ       0%         N/A       100%        4
 Summon Mana Viper        Hex/Summ       0%         N/A       100%        5
 Dispersal                Tloc           0%         N/A       100%        6
 Monstrous Menagerie      Summ           0%         N/A       100%        7


Dungeon Overview and Level Annotations

Branches:
Dungeon (8/15)             Temple (1/1) D:4
   Lair: D:8-11

Altars:
Ashenzari
Gozag
Hepliaklqana
Makhleb
Nemelex Xobeh
Okawaru
Qazlal
Ru
Sif Muna
Xom
Yredelemnul
Zin

Annotations:
D:8 2 runed translucent doors


Message History

The gnoll sergeant hits you with a +0 spear!
* * * LOW HITPOINT WARNING * * *
The gnoll shouts!
The orc priest shouts, "Beogh is our master!
Accept the truth or die!" (press Y on the ability menu to convert to Beogh)
You slash the gnoll sergeant!
The gnoll sergeant is almost dead.
The gnoll sergeant hits you but does no damage.
The orc priest shouts, "Beogh is our master!
Accept the truth or die!"
You slice the gnoll sergeant!!
You kill the gnoll sergeant!
An orc comes into view. It is wielding a +0 mace.
You closely miss the orc.
The gnoll is no longer distracted by gold.
You block the gnoll's attack.
The orc is distracted by your dazzling golden aura.
An orc comes into view. It is wielding a +0 short sword.
The gnoll hits you but does no damage.
The orc shouts!
You hit the orc but do no damage.
The orc is no longer distracted by gold.
You block the orc's attack. The gnoll closely misses you.
The orc priest looks encouraged for a moment.
You closely miss the orc.
The orc priest is distracted by your dazzling golden aura.
The gnoll hits you but does no damage. You block the orc's attack.
You closely miss the orc.
The orc priest shouts!
You block the gnoll's attack. The orc hits you but does no damage.
You hit the orc but do no damage.
The orc priest is no longer distracted by gold.
You block the gnoll's attack. The orc barely misses you.
The gnoll hits you from afar with a +0 spear.
* * * LOW HITPOINT WARNING * * *
You block the orc's attack.
You hit the orc but do no damage.
The orc priest invokes the aid of Beogh against you.
Beogh smites you!
You die...
Your body crumbles into a pile of gold.

$ #.# .... ..# ...# . ###
#... ##.#.# .. ..# ######..#
#..<.#... ..#
##.......######........
.[####...>.........o........
..#.....#####..###o#.....8.8
........# ##.$@ogo........
..##....#####..######..####.
..##.......##.## #.#
..########....# ... ..#
##.#.# ... ### #...# ##++#
#.#.# ..8 #...# .. #.#..


You could see an orc priest, a gnoll and 3 orcs.

Vanquished Creatures
  An orc warrior (D:8)
  2 ice beasts (D:5)
  4 phantoms
  A gnoll sergeant (D:8)
  A scorpion (D:4)
  A centaur zombie (D:4)
  A bullfrog skeleton (D:4)
  A hound (D:5)
  3 scorpion zombies (D:4)
  2 orc wizards
  A hound zombie (D:4)
  A hound skeleton (D:4)
  2 howler monkey zombies (D:4)
  8 adders
  2 gnolls (D:8)
  3 adder skeletons (D:4)
  3 adder zombies (D:4)
  3 worms
  A dart slug (D:1)
  11 orcs
  9 endoplasms
  4 giant cockroaches
  12 hobgoblins
  10 jackals
  3 quokkas
  10 ball pythons
  3 bats
  3 frilled lizards
  7 goblins
  9 kobolds
  6 rats
128 creatures vanquished.

Notes
Turn   | Place    | Note
-------+----------+-------------------------------------------
     0 | D:1      | fireball365 the Hill Orc Fighter began the quest for the
                  | Orb.
     0 | D:1      | Reached XP level 1. HP: 19/19 MP: 1/1
   157 | D:1      | Reached XP level 2. HP: 25/27 MP: 2/2
   281 | D:1      | Reached skill level 3 in Axes
   301 | D:1      | Reached XP level 3. HP: 31/33 MP: 3/3
   993 | D:2      | Reached skill level 4 in Axes
   993 | D:2      | Reached XP level 4. HP: 33/40 MP: 4/4
  1123 | D:2      | Identified the ring "Zavo Jae" {rF+ Will++ Int-5 SInv}
  1727 | D:3      | Reached XP level 5. HP: 44/47 MP: 5/5
  2437 | D:4      | Noticed a phantom
  2455 | D:4      | Killed a phantom
  2456 | D:4      | Reached skill level 5 in Axes
  2524 | D:4      | Noticed a phantom
  2533 | D:4      | Reached skill level 1 in Dodging
  2533 | D:4      | Reached XP level 6. HP: 53/53 MP: 6/6
  2562 | D:4      | Reached skill level 6 in Axes
  2679 | D:4      | Reached skill level 5 in Fighting
  2679 | D:4      | Reached XP level 7. HP: 53/61 MP: 7/7
  2803 | D:4      | Reached skill level 7 in Axes
  2861 | D:4      | Found a shimmering blue altar of Sif Muna.
  2911 | D:4      | Found a shimmering altar of Xom.
  2911 | D:4      | Found a shimmering altar of Xom.
  2911 | D:4      | Found a shimmering altar of Xom.
  2912 | D:4      | Found a shimmering altar of Xom.
  2915 | D:4      | Found a shimmering altar of Xom.
  2915 | D:4      | Found a shimmering altar of Xom.
  2915 | D:4      | Found a shimmering altar of Xom.
  2957 | D:4      | Found a staircase to the Ecumenical Temple.
  2972 | Temple   | Entered the Ecumenical Temple
  3075 | Temple   | Became a worshipper of Gozag Ym Sagoz the Greedy
  3560 | D:5      | Entered Level 5 of the Dungeon
  3628 | D:5      | Reached skill level 5 in Shields
  3726 | D:5      | Found an iron altar of Okawaru.
  3911 | D:5      | Reached skill level 5 in Armour
  3942 | D:5      | Reached skill level 8 in Axes
  3942 | D:5      | Reached XP level 8. HP: 60/69 MP: 8/8
  4213 | D:5      | You fall into a shaft and drop 3 floors!
  4287 | D:8      | Found a large runed translucent door.
  4287 | D:8      | Found a large runed translucent door.
  4313 | D:8      | Killed from afar by an orc priest

Illustrated notes

Levels and vault maps discovered:
D:1:      heliophobic_arrival_glass_houses, layout_basic,
          hangedman_abyss_or_decor_stabs, minmay_box_of_dots
D:2:      layout_basic
D:3:      layout_basic
D:4:      layout_basic, led_sif_pool, nicolae_xom_altar_mimics,
          minmay_temple_entry_poolview, serial_undead, serial_undead_a,
          serial_undead_f, serial_undead_e, serial_undead_d, serial_undead_d,
          serial_undead_f, grunt_ministairs_6, minmay_pentomino_pile
D:5:      layout_loops_ring, hellmonk_okawaru_the_only_friend_you_need
D:8:      layout_rooms, mainiacjoe_overflow_alcove_4, amcnicky_altar_gilded,
          eat_drink_and_be_merry_uskayaw, serial_demonic, serial_demonic_g,
          serial_demonic_e, serial_demonic_a, serial_demonic_g,
          reono_crystal_passage, minmay_hollow_rounded_squares, uniq_psyche
Temple:   jpeg_temple_island

Skill      XL: |  1  2  3  4  5  6  7 |
---------------+----------------------+-----
Fighting       | 4 5 |  5.8
Axes           | 3 4 5 6 8 |  8.7
Armour         | 4 5 |  5.7
Shields        | 4 5 |  5.4
Dodging        | 1 |  1.6

Action                     |  1- 3 |  4- 6 |  7- 9 || total
---------------------------+-------+-------+-------++-------
  Melee: War axe           |   104 |   183 |   189 ||   476
    Use: Scroll            |       |     4 |     1 ||     5
 Armour: Scale mail        |    61 |   104 |    39 ||   204
  Dodge: Dodged            |    53 |    93 |    35 ||   181
  Block: Buckler           |    34 |    25 |       ||    59
         Tower shield      |       |    88 |    93 ||   181
